Map: Post-Youth LE

Players

jeannysu - Winner!

  • Race: Zerg Zerg
  • Spawn Location: 1:00

인공지능 칸 (정예)

  • Race: Protoss Protoss
  • Spawn Location: 7:00

VOD

Have the link to the VOD?

Description

Time

  • Played on: Oct. 1, 2025, 7:33 a.m.
  • Length: 12:08
Show
View Real Time Build Order
Export as new Build Order

jeannysu Zerg - Winner!

Build Orders: Hatch First 

Get SALT Encoding   

  12  0:00  Drone  
  13  0:09  Drone  
  14  0:17  Drone, Extractor  
  15  0:23  Overlord  
  15  0:47  Hatchery  
  15  0:48  Drone  
  15  0:52  Drone  
  15  0:56  Drone  
  17  1:00  Drone  
  17  1:03  Extractor  
  17  1:17  Spawning Pool  
  16  1:20  Drone  
  16  1:23  Drone  
  18  1:32  Drone  
  19  1:42  Drone  
  20  2:03  Queen x2  
  20  2:06  Zergling x2  
  20  2:07  Zergling x2  
  26  2:08  Drone  
  26  2:10  Drone  
  28  2:29  Hatchery  
  27  2:37  Drone  
  28  2:39  Overlord  
  28  2:43  Overlord  
  28  2:44  Metabolic Boost  
  28  2:57  Drone x3  
  31  2:59  Overlord  
  31  3:00  Drone  
  32  3:13  Drone  
  32  3:16  Drone x2  
  35  3:27  Extractor  
  34  3:28  Drone  
  34  3:30  Drone x2  
  37  3:34  Extractor  
  37  3:35  Extractor  
  37  3:36  Drone  
  37  3:39  Lair  
  36  3:45  Drone  
  36  3:46  Drone x3  
  40  3:50  Extractor  
  40  3:55  Queen  
  41  3:57  Queen  
  41  3:58  Drone x2  
  45  4:03  Zergling x2  
  45  4:04  Zergling x6  
  45  4:07  Drone  
  50  4:17  Zergling x8  
  54  4:27  Drone x2  
  56  4:32  Queen  
  58  4:42  Overlord x3  
  58  4:51  Spire  
  57  4:57  Baneling Nest  
  57  4:59  Overlord x2  
  56  5:16  Drone x6  
  56  5:19  Drone x3  
  65  5:21  Zergling x2  
  65  5:22  Zergling x12  
  72  5:29  Drone x4  
  72  5:34  Drone x2  
  78  5:44  Baneling  
  78  5:45  Baneling x8  
  78  6:04  Drone x4  
  78  6:08  Overlord x4  
  78  6:09  Mutalisk  
  78  6:10  Mutalisk x3  
  90  6:15  Overlord  
  90  6:16  Overlord x4  
  90  6:28  Hatchery  
  90  6:29  Evolution Chamber  
  88  6:33  Extractor  
  88  6:34  Extractor  
  88  6:35  Mutalisk x4  
  94  6:46  Zerg Flyer Weapons Level 1  
  94  6:59  Drone x5  
  99  7:08  Mutalisk  
  99  7:09  Mutalisk  
  99  7:13  Zergling x2  
  99  7:14  Zergling x16  
  112  7:26  Zergling x2  
  112  7:27  Zergling x8  
  117  7:39  Mutalisk x4  
  125  7:46  Baneling x2  
  125  7:47  Baneling  
  125  7:53  Centrifugal Hooks  
  125  7:57  Queen  
  127  7:58  Drone  
  127  7:59  Drone x12  
  127  8:05  Mutalisk  
  140  8:06  Mutalisk  
  144  8:32  Zergling x12  
  144  8:33  Zergling x14  
  157  8:35  Baneling x6  
  157  8:36  Baneling x12  
  157  8:44  Overlord  
  157  8:45  Overlord x5  
  157  8:57  Zerg Ground Armor Level 1  
  157  9:08  Hatchery  
  156  9:13  Hatchery  
  156  9:15  Zerg Flyer Weapons Level 2  
  156  9:17  Infestation Pit  
  154  9:26  Mutalisk  
  154  9:27  Mutalisk x4  
  164  9:42  Drone  
  164  9:43  Drone x14  
  168  10:11  Zergling x2  
  168  10:12  Zergling x26  
  134  10:22  Zergling x2  
  134  10:23  Zergling x18  
  140  10:34  Baneling  
  140  10:35  Baneling x17  
  134  10:40  Pneumatized Carapace  
  120  10:51  Zergling x22  
  120  10:52  Zergling x18  
  131  10:57  Zergling x2  
  131  10:58  Zergling x6  
  131  11:01  Queen  
  137  11:07  Zergling x2  
  137  11:08  Zergling x8  
  138  11:16  Zergling x14  
  138  11:26  Baneling  
  138  11:28  Baneling, Extractor x2  
  138  11:29  Queen x2  
  138  11:30  Queen  
  138  11:31  Hatchery  
  143  11:46  Zergling x2  
  144  11:47  Zergling x32  
  144  11:48  Zergling x6  
Show
View Real Time Build Order
Export as new Build Order

인공지능 칸 (정예) Protoss 

Build Orders: Blink Stalkers, Zealot Archon 

Get SALT Encoding   

  12  0:00  Probe  
  13  0:13  Probe  
  14  0:21  Pylon  
  14  0:25  Probe  
  15  0:35  Probe  
  16  0:43  Probe  
  16  0:48  Assimilator  
  17  0:52  Gateway, Probe  
  18  1:00  Pylon, Probe  
  18  1:09  Probe  
  20  1:19  Probe  
  21  1:34  Assimilator  
  21  1:37  Probe  
  22  1:41  Zealot  
  22  1:42  Cybernetics Core  
  24  1:49  Probe  
  26  2:01  Probe  
  26  2:04  Pylon  
  26  2:13  Probe  
  26  2:14  Stalker  
  27  2:19  Warp Gate  
  27  2:21  Twilight Council  
  29  2:30  Gateway  
  29  2:31  Probe  
  30  2:41  Stalker  
  30  2:43  Probe  
  31  2:49  Blink  
  33  2:55  Probe  
  33  3:07  Gateway  
  33  3:08  Stalker  
  35  3:19  Pylon  
  35  3:22  Stalker  
  37  3:27  Probe  
  38  3:36  Stalker  
  38  3:40  Probe  
  41  3:49  Stalker x2  
  45  3:59  Pylon  
  45  4:13  Stalker  
  47  4:17  Pylon  
  47  4:24  Stalker  
  47  4:26  Zealot  
  51  4:36  Adept  
  53  4:42  Adept  
  53  4:45  Gateway  
  55  4:48  Adept  
  57  4:56  Adept  
  59  5:03  Adept  
  61  5:08  Adept  
  61  5:12  Pylon  
  63  5:30  Adept x3  
  69  5:38  Adept  
  71  5:42  Pylon  
  71  5:48  Templar Archives  
  70  6:08  Pylon  
  70  6:24  High Templar x2  
  74  6:25  Zealot  
  74  6:26  Zealot  
  78  6:34  Pylon  
  78  6:37  Archon, Nexus  
  78  6:45  High Templar  
  80  7:04  Zealot  
  82  7:11  High Templar  
  82  7:12  Zealot  
  86  7:20  Pylon  
  86  7:23  Archon  
  86  7:29  Zealot  
  88  7:40  Pylon, High Templar  
  90  7:50  Probe x2  
  92  7:54  Assimilator  
  92  7:55  Assimilator  
  92  8:02  Probe  
  92  8:03  Probe  
  94  8:08  High Templar  
  96  8:14  Probe  
  96  8:15  Probe, Archon  
  98  8:27  Probe  
  99  8:28  Probe  
  99  8:29  High Templar  
  102  8:39  Probe  
  102  8:40  Probe  
  104  8:43  High Templar  
  106  8:51  Probe  
  106  8:52  Archon, Sentry  
  109  9:02  Pylon  
  109  9:03  Nexus  
  109  9:06  High Templar  
  111  9:19  High Templar  
  113  9:30  Robotics Facility  
  113  9:45  Sentry  
  115  9:46  Forge  
  115  9:50  Stalker  
  115  9:52  Forge  
  117  9:55  Stalker  
  117  9:57  Pylon  
  117  9:58  Zealot  
  121  10:07  Zealot  
  121  10:08  Zealot  
  84  10:18  Observer, High Templar, Zealot  
  84  10:19  Probe  
  84  10:21  Zealot  
  72  10:22  Probe  
  72  10:25  Probe  
  66  10:28  Zealot  
  66  10:30  Assimilator  
  66  10:31  Probe  
  66  10:34  Probe, Stalker  
  66  10:37  Probe  
  66  10:38  Stalker  
  65  10:43  Archon  
  65  10:45  Zealot  
  43  11:12  High Templar  
  21  11:48  Zealot  
Tags
 
Add a new tag
Caveats
  • Supply blocks, unpowered buildings, or Contaminate may cause inaccurate times.
  • Supply counts are checked every 10 seconds.